 Dungeon Crawl Stone Soup version 0.25.0-26-g0c896c7088 (webtiles) character file.

Game seed: 15745027143824311893

2828 Peloso the Carver (level 9, -12/78 HPs)
             Began as a Minotaur Fighter on July 4, 2020.
             Was a Priest of Okawaru.
             Killed by the air
             ... invoked by Gastronok
              (27 damage)
             ... on level 8 of the Dungeon.
             The game lasted 00:12:04 (7769 turns).

Peloso the Carver (Minotaur Fighter)                Turns: 7769, Time: 00:12:04

Health: -12/78     AC: 17    Str: 22      XL:     9   Next: 45%
Magic:  7/8        EV:  8    Int:  5      God:    Okawaru [***...]
Gold:   397        SH: 11    Dex: 11 (12) Spells: 8/8 levels left

rFire    + . .     SeeInvis .   a - +0 long sword
rCold    + + .     Gourm    .   c - +0 kite shield
rNeg     . . .     Faith    .   i - +0 chain mail
rPois    +         Spirit   .   (helmet restricted)
rElec    +         Reflect  .   g - +2 cloak {MR+}
rCorr    +         Harm     .   e - +1 pair of gloves
MR       +....                  (no boots)
Stlth    ..........             (no amulet)
HPRegen  0.23/turn              v - ring of protection from cold
MPRegen  0.11/turn              (no ring)

@: mighty, resistant
A: retaliatory headbutt, horns 2
a: Heroism, Renounce Religion


You were on level 8 of the Dungeon.
You worshipped Okawaru.
Okawaru was most pleased with you.
You were not hungry.

You visited 2 branches of the dungeon, and saw 9 of its levels.

You collected 397 gold pieces.

Inventory:

Hand Weapons
 a - a +0 long sword (weapon)
Armour
 c - a +0 kite shield (worn)
 e - a +1 pair of gloves (worn)
 g - a +2 cloak of magic resistance (worn)
 h - a scarf of invisibility
 i - a +0 chain mail (worn)
Jewellery
 v - a ring of protection from cold (left hand)
 w - an uncursed ring of stealth {unknown}
Wands
 j - a wand of flame (35)
 q - a wand of digging (4)
Scrolls
 l - a scroll of amnesia
 n - 6 scrolls of remove curse
 o - 2 scrolls of magic mapping {unknown}
 p - 2 scrolls of fog {unknown}
 r - a scroll of brand weapon {unknown}
 s - 4 scrolls of fear {unknown}
 t - 8 scrolls of identify
 x - a scroll of noise {unknown}
 y - a scroll of enchant armour {unknown}
 z - 2 scrolls of teleportation {unknown}
Potions
 b - a potion of mutation
 d - a potion of might
 k - 5 potions of curing
 m - a potion of flight
 u - a potion of brilliance {unknown}
 A - 2 potions of resistance
 B - a potion of haste {unknown}
Comestibles
 f - 13 rations
 C - 2 chunks of flesh


   Skills:
 + Level 6.7 Fighting
 + Level 9.0 Long Blades
 + Level 8.9 Armour
 + Level 2.5 Dodging
 + Level 0.9 Stealth
 + Level 8.4 Shields
 + Level 0.5 Invocations


You had 8 spell levels left.
You didn't know any spells.
Your spell library contained the following spells:

 Spells                   Type           Power        Failure   Level  Hunger
 Beastly Appendage        Tmut           #.....       100%        1    ##.....
 Magic Dart               Conj           #...         100%        1    ##.....
 Blink                    Tloc           N/A          100%        2    ###....
 Call Imp                 Summ           #.......     100%        2    ###....
 Slow                     Hex            #.......     100%        2    ###....
 Sticks to Snakes         Tmut           #.......     100%        2    ###....
 Conjure Flame            Conj/Fire      #.......     100%        3    ####...
 Mephitic Cloud           Conj/Pois/Air  #.......     100%        3    ####...
 Spider Form              Tmut/Pois      #.........   100%        3    ####...
 Ice Form                 Ice/Tmut       #.......     100%        4    #####..
 Blade Hands              Tmut           #.........   100%        5    ######.


Dungeon Overview and Level Annotations

Branches:
Dungeon (8/15)             Temple (1/1) D:4
   Lair: D:8-11

Altars:
Ashenzari
Cheibriados
Dithmenos
Elyvilon
Gozag
Hepliaklqana
Nemelex Xobeh
Okawaru
Qazlal
Xom
Zin
The Shining One

Shops:
D:8 [:

Annotations:
D:8 Gastronok


Innate Abilities, Weirdness & Mutations

You reflexively headbutt those who attack you in melee.
You have a pair of horns on your head.


Message History

You slash Gastronok! You headbutt Gastronok!
Gastronok is severely wounded.
The centaur hits you but does no damage.
Gastronok gurgles, "I'll eat you, I will!"
Gastronok waves his eye-stalks in wide circles.
The air twists around and strikes you!!
* * * LOW HITPOINT WARNING * * *
You slash Gastronok! You headbutt Gastronok.
Gastronok is severely wounded.
You feel like a meek peon again. The centaur hits you.
* * * LOW HITPOINT WARNING * * *
It was a potion of resistance.
You feel protected. The centaur barely misses you. You furiously retaliate!
You headbutt the centaur! You block the centaur's attack.
You feel better. You block the centaur's attack.
Gastronok waves his eye-stalks in wide circles.
The air twists around and strikes you!!
You die...

#######
###.#♣≈§.≈###.#.
.......
#...#≈#♣#≈≈.#(..
.......
#.....^#_..§§..
##.....
#...#≈.§.§.^#
.#####.
##..#^..≈§§##
..# #..##.§§♣§##
_.# ...###.≈.##
.# ..#
#...#.##c##...#
###
#...#...@.....#
##.###..w######
###+## #..##
......... #...
......... #...
........ #...
....... #... .#
..# #.##
.##..####.


You could see Gastronok and a centaur.

Vanquished Creatures
  A hippogriff (D:7)
  2 hungry ghosts
  A water moccasin (D:8)
  2 phantoms
  2 ice beasts
  2 centaurs
  4 ogres
  A big kobold (D:8)
  A gnoll sergeant (D:6)
  6 bullfrogs
  A scorpion (D:5)
  A water moccasin skeleton (D:5)
  A bullfrog zombie (D:8)
  A crimson imp (D:6)
  3 hounds
  A quasit (D:8)
  3 iguanas
  5 orc wizards (D:5)
  4 worker ants
  A killer bee zombie (D:6)
  A hound zombie (D:6)
  12 adders
  6 gnolls
  2 shadow imps
  An ooze (D:1)
  4 worms
  2 adder zombies
  2 dart slugs (D:1)
  8 leopard geckos
  4 orcs (D:5)
  2 ball pythons
  3 giant cockroaches
  4 goblins
  8 hobgoblins
  14 jackals
  12 kobolds
  4 quokkas
  6 bats
  5 frilled lizards
  A leopard gecko zombie (D:7)
  A quokka skeleton (D:4)
  7 rats
152 creatures vanquished.

Notes
Turn   | Place    | Note
-------+----------+-------------------------------------------
     0 | D:1      | Peloso the Minotaur Fighter began the quest for the Orb.
     0 | D:1      | Reached XP level 1. HP: 19/19 MP: 0/0
   436 | D:1      | Reached XP level 2. HP: 27/27 MP: 1/1
   639 | D:1      | Reached XP level 3. HP: 30/33 MP: 2/2
  1493 | D:2      | Reached skill level 3 in Long Blades
  1611 | D:2      | Reached XP level 4. HP: 39/40 MP: 3/3
  1812 | D:2      | Reached skill level 1 in Dodging
  1864 | D:2      | Found a faded altar of an unknown god.
  2656 | D:3      | Reached XP level 5. HP: 47/47 MP: 4/4
  2977 | D:4      | Noticed an ogre
  2988 | D:4      | Killed an ogre
  2988 | D:4      | Reached skill level 4 in Long Blades
  2988 | D:4      | Reached skill level 5 in Armour
  2988 | D:4      | Reached skill level 5 in Shields
  3163 | D:4      | Reached XP level 6. HP: 50/53 MP: 5/5
  3200 | D:4      | Found a staircase to the Ecumenical Temple.
  3217 | Temple   | Entered the Ecumenical Temple
  3242 | Temple   | Became a worshipper of Warmaster Okawaru
  3791 | D:5      | Entered Level 5 of the Dungeon
  3808 | D:5      | Reached skill level 5 in Long Blades
  3818 | D:5      | Reached XP level 7. HP: 17/60 MP: 6/6
  3822 | D:5      | Reached skill level 5 in Fighting
  4248 | D:5      | Reached skill level 6 in Long Blades
  4268 | D:5      | Reached * piety under Okawaru
  5159 | D:5      | Found a shadowy altar of Dithmenos.
  5438 | D:6      | Found a snail-covered altar of Cheibriados.
  5461 | D:6      | Reached skill level 7 in Long Blades
  5656 | D:6      | Reached XP level 8. HP: 69/70 MP: 7/7
  6416 | D:7      | Reached ** piety under Okawaru
  6606 | D:7      | Reached skill level 8 in Long Blades
  6671 | D:7      | Noticed a hippogriff
  6683 | D:7      | Killed a hippogriff
  6812 | D:7      | Reached XP level 9. HP: 71/78 MP: 8/8
  7471 | D:8      | Found Wopraote's Book Boutique.
  7626 | D:8      | Found Bommabri's Armour Shop.
  7673 | D:8      | Found an opulent altar of Gozag.
  7673 | D:8      | Found a glowing silver altar of Zin.
  7684 | D:8      | Reached skill level 9 in Long Blades
  7730 | D:8      | Reached *** piety under Okawaru
  7747 | D:8      | Found a shimmering altar of Xom.
  7748 | D:8      | Found a shimmering altar of Xom.
  7749 | D:8      | Found a shimmering altar of Xom.
  7753 | D:8      | Noticed Gastronok
  7767 | D:8      | HP: 3/78 [centaur (4)]
  7769 | D:8      | Killed from afar by Gastronok

Illustrated notes

Levels and vault maps discovered:
D:1:      psy_arrival_radial02, layout_basic
D:2:      layout_loops_ring, chequers_ecumenical_altar_twisty
D:3:      layout_rooms, minmay_increasing_density
D:4:      layout_basic, minmay_temple_entry_mist, first_ration
D:5:      layout_layer_cave, grunt_dithmenos_shadows
D:6:      layout_cave_pools, lemuel_crystal_altar
D:7:      layout_basic
D:8:      layout_gridville, grunt_temple_overflow_gold_and_silver,
          xom_redecorated, serial_shops, shop, shop, uniq_gastronok
Temple:   eino_temple_scatter_basement

Skill      XL: |  1  2  3  4  5  6  7  8  9 |
---------------+----------------------------+-----
Fighting       | 4 5 6 |  6.7
Armour         | 4 5 6 7 8 |  8.9
Shields        | 4 5 6 7 8 |  8.4
Long Blades    | 3 4 5 7 8 9 |  9.0
Dodging        | 1 2 |  2.5
Stealth        | |  0.9
Invocations    | |  0.5

Action                   |  1- 3 |  4- 6 |  7- 9 || total
-------------------------+-------+-------+-------++-------
Melee: Long sword        |    95 |   154 |   345 ||   594
       Headbutt          |    13 |    25 |    76 ||   114
Invok: Heroism           |       |       |     4 ||     4
  Use: Potion            |     1 |     3 |     4 ||     8
       Scroll            |       |     4 |     1 ||     5
  Eat: Chunk             |     2 |     7 |    16 ||    25
Armor: Scale mail        |    15 |       |       ||    15
       Chain mail        |    47 |   108 |   195 ||   350
Dodge: Dodged            |    23 |    38 |    98 ||   159
Block: Kite shield       |    54 |    89 |   200 ||   343
       Rpst.: Long sword |     7 |     9 |    19 ||    35
